Map: Fields of Death

Players

FOX - Winner!

  • Race: Terran Terran
  • League: Platinum
  • Spawn Location: 6:00

hillside - Winner!

  • Race: Zerg Zerg
  • League: Platinum
  • Spawn Location: 7:00

Musumeci

  • Race: Zerg Zerg
  • League: Diamond
  • Spawn Location: 12:00

MichyMoko

  • Race: Zerg Zerg
  • Spawn Location: 12:00

VOD

Have the link to the VOD?

Description

Time

  • Played on: March 20, 2017, 9:01 a.m.
  • Length: 11:19
Show
View Real Time Build Order
Export as new Build Order

FOX Terran - Winner!

Build Orders: 1/1/1, Liberator Opening, MMM Bio 

Get SALT Encoding   

  12  0:00  SCV  
  13  0:13  SCV  
  14  0:22  Supply Depot  
  14  0:25  SCV  
  15  0:44  SCV  
  15  0:45  Refinery  
  15  0:47  Barracks  
  16  0:56  SCV, Refinery  
  17  1:08  SCV  
  18  1:20  SCV  
  19  1:32  SCV  
  20  1:35  Marine  
  20  1:38  Factory  
  21  1:46  Orbital Command  
  21  1:53  Barracks Reactor  
  21  2:09  Supply Depot  
  21  2:14  SCV  
  22  2:26  SCV  
  22  2:27  Starport  
  23  2:38  SCV  
  23  2:43  Hellion  
  23  2:44  Hellion  
  28  3:00  Engineering Bay  
  28  3:02  Barracks Tech Lab  
  28  3:05  Hellion  
  30  3:09  Supply Depot  
  30  3:18  Barracks  
  30  3:31  Hellion  
  32  3:34  Supply Depot  
  32  3:37  Liberator  
  35  3:59  Hellion x2  
  39  4:09  Barracks Tech Lab  
  39  4:10  Barracks Reactor  
  39  4:13  SCV  
  40  4:20  Hellion x2  
  44  4:42  Hellion  
  46  4:56  Hellion  
  46  4:59  Supply Depot  
  48  5:03  Hellion  
  50  5:18  Hellion  
  50  5:19  Marine  
  53  5:24  Hellion  
  52  5:37  Marine  
  52  5:39  Hellion  
  53  5:54  Hellion  
  53  5:57  Command Center  
  53  5:58  SCV  
  53  6:00  Hellion  
  53  6:03  Stimpack  
  53  6:10  SCV  
  54  6:16  Hellion  
  52  6:22  SCV, Hellion  
  55  6:28  Marine x2  
  54  6:37  Hellion  
  54  6:43  Marine  
  54  6:46  Marine x2  
  57  6:48  SCV  
  56  7:00  SCV  
  56  7:01  Marine  
  51  7:04  Marine x2  
  52  7:12  SCV  
  51  7:19  Marine  
  51  7:22  Marine x2  
  52  7:24  SCV  
  49  7:32  Medivac  
  49  7:36  Marine  
  51  7:40  Marine x2  
  54  7:45  Planetary Fortress  
  54  7:54  Marine  
  54  7:57  Marine  
  56  8:05  Factory Tech Lab  
  56  8:19  Barracks  
  56  8:20  Medivac x2  
  56  8:21  Marine x3  
  56  8:22  Combat Shields  
  63  8:29  SCV x2  
  65  8:35  Barracks  
  65  8:39  Marine x3  
  68  8:41  SCV x2  
  68  8:44  Supply Depot  
  68  8:48  Terran Infantry Weapons Level 1  
  70  8:50  Medivac  
  70  8:53  SCV  
  73  8:56  Marine  
  73  8:57  Marine x2  
  76  9:05  Refinery  
  76  9:11  Missile Turret  
  76  9:14  Marine  
  76  9:15  Marine  
  76  9:16  Refinery  
  78  9:21  Marine x2  
  80  9:24  Barracks Reactor  
  80  9:30  Missile Turret  
  80  9:32  Missile Turret, Marine  
  80  9:33  Marine  
  82  9:38  Marine  
  82  9:39  Marauder  
  85  9:50  Marine  
  86  9:57  Marauder  
  88  10:01  Marauder, Marine x2  
  88  10:02  Marine  
  93  10:08  Marine  
  87  10:18  Marauder  
  87  10:21  Marine  
  87  10:22  Marauder, Marine x2  
  70  10:40  Marauder  
  68  10:43  Marauder  
  68  10:45  Marine x3  
  73  10:53  Marine  
Show
View Real Time Build Order
Export as new Build Order

hillside Zerg - Winner!

Build Orders: Hatch First 

Get SALT Encoding   

  12  0:03  Drone  
  13  0:11  Drone  
  14  0:17  Overlord  
  14  0:36  Drone x3  
  17  0:48  Drone  
  18  0:50  Extractor  
  17  1:01  Drone  
  18  1:06  Hatchery  
  18  1:10  Drone  
  18  1:20  Drone  
  19  1:29  Spawning Pool  
  19  1:31  Drone  
  19  1:37  Extractor  
  18  1:42  Drone  
  20  1:53  Drone  
  21  2:07  Overlord  
  21  2:18  Drone  
  21  2:20  Queen x2  
  21  2:21  Zergling x2  
  27  2:25  Drone  
  27  2:28  Metabolic Boost  
  29  2:30  Zergling x2  
  29  2:42  Hatchery  
  28  2:44  Zergling x2  
  28  2:46  Drone  
  30  2:59  Zergling x6  
  30  3:03  Drone  
  34  3:09  Drone  
  35  3:13  Evolution Chamber  
  35  3:15  Baneling Nest  
  35  3:16  Drone  
  35  3:19  Drone  
  35  3:25  Zergling x2  
  36  3:31  Overlord x2  
  36  3:49  Zergling x12  
  36  3:52  Zergling x2  
  43  3:58  Drone  
  44  4:03  Zerg Melee Weapons Level 1  
  44  4:05  Zergling x10  
  49  4:16  Zergling x6  
  52  4:18  Drone  
  45  4:39  Zergling x2  
  45  4:40  Zergling x18  
  55  4:48  Baneling  
  55  4:49  Baneling x5  
  55  4:50  Zergling x2  
  55  4:51  Zergling x4  
  58  4:58  Overlord  
  58  5:00  Overlord  
  52  5:33  Baneling  
  45  5:49  Zergling x8  
  45  5:50  Zergling x20  
  45  5:56  Drone  
  49  5:57  Hatchery  
  49  5:58  Baneling  
  47  6:20  Baneling  
  47  6:24  Drone x4  
  47  6:25  Drone x7  
  57  6:28  Queen  
  61  6:32  Drone x2  
  61  6:33  Drone x2  
  62  6:46  Zergling x6  
  59  7:02  Zergling x2  
  59  7:03  Drone x9  
  64  7:17  Zergling x2  
  64  7:19  Zergling x8  
  67  7:27  Extractor  
  65  7:43  Extractor  
  63  7:45  Zergling x2  
  63  7:46  Zergling x20  
  74  7:51  Zergling x2  
  75  8:00  Lair  
  75  8:05  Extractor  
  74  8:07  Drone x3  
  74  8:08  Drone x3  
  80  8:13  Extractor  
  80  8:14  Drone x2, Extractor  
  80  8:16  Overlord x3  
  80  8:17  Overlord x4  
  80  8:37  Hatchery  
  80  8:41  Zergling x8  
  80  8:42  Zergling x30  
  98  8:53  Drone x4  
  102  8:57  Zergling x2  
  102  8:58  Zergling x4  
  105  9:15  Hatchery  
  104  9:20  Zergling x2  
  104  9:21  Zergling x24  
  117  9:24  Baneling x9  
  117  9:25  Baneling  
  117  9:27  Baneling x3  
  117  9:28  Hatchery, Baneling x3  
  117  9:30  Baneling x11  
  117  9:31  Baneling x2  
  116  9:32  Extractor  
  116  9:36  Zergling x16  
  116  9:37  Zergling x12  
  129  9:52  Zergling x12  
  135  9:56  Centrifical Hooks  
  135  10:03  Evolution Chamber  
  109  10:31  Zergling x2  
  109  10:32  Zergling x34  
  109  10:33  Zergling x8  
  127  10:46  Baneling x3  
  127  10:47  Baneling x15  
  127  10:48  Baneling  
  122  10:54  Zergling x2  
  122  10:55  Zergling x8  
Show
View Real Time Build Order
Export as new Build Order

Musumeci Zerg 

Build Orders: Hatch First 

Get SALT Encoding   

  12  0:01  Drone  
  13  0:08  Drone  
  14  0:15  Extractor  
  14  0:16  Drone  
  15  0:40  Hatchery  
  14  0:47  Drone, Extractor  
  15  1:01  Spawning Pool  
  15  1:04  Extractor  
  13  1:06  Drone  
  14  1:33  Overlord  
  14  1:51  Queen, Drone  
  14  1:52  Drone x2  
  19  1:54  Drone  
  20  2:02  Drone  
  20  2:06  Metabolic Boost  
  21  2:15  Overlord  
  21  2:26  Zergling x2  
  21  2:27  Zergling x4  
  24  2:32  Extractor  
  24  2:33  Zergling x2  
  25  2:45  Zergling x2  
  25  2:46  Zergling x4  
  28  2:51  Zergling x2  
  28  2:57  Zergling x2  
  28  2:58  Zergling x2  
  30  3:04  Queen  
  32  3:06  Zergling x2  
  33  3:25  Zergling x6  
  36  3:31  Baneling Nest  
  36  3:33  Overlord  
  35  3:39  Overlord  
  35  3:46  Zergling x2  
  36  3:53  Zergling x6  
  34  4:37  Zergling x4  
  34  4:38  Zergling x18  
  41  4:49  Baneling x4  
  41  4:50  Baneling  
  41  5:03  Baneling x5  
  41  5:04  Baneling x3  
  38  5:23  Extractor  
  38  5:24  Roach Warren  
  19  5:43  Zergling x16  
  23  6:05  Roach x3  
  25  6:15  Roach x2  
  29  6:46  Roach x5  
  29  6:54  Roach  
  19  7:16  Drone x3  
  22  7:34  Drone  
  23  7:45  Drone  
  23  7:49  Drone  
  25  7:53  Drone  
  25  7:58  Drone  
  27  8:03  Drone  
  28  8:07  Drone  
  28  8:11  Drone  
  30  8:15  Drone  
  31  8:21  Drone x2  
  33  8:31  Queen  
  35  8:37  Drone x2  
  35  8:39  Drone  
  38  8:54  Drone  
  39  8:56  Drone x3  
  39  8:58  Queen  
  44  9:06  Drone  
  44  9:08  Ravager x5  
  44  9:09  Ravager  
  51  9:39  Overlord x2  
  51  9:58  Roach x4, Spore Crawler  
  51  9:59  Roach x3, Spore Crawler  
  63  10:04  Spore Crawler  
  63  10:05  Spore Crawler  
  61  10:20  Roach x5  
  62  10:28  Ravager  
  50  10:32  Roach x3  
  50  10:44  Roach x3  
  50  10:56  Roach x3  
  54  11:00  Ravager  
Show
View Real Time Build Order
Export as new Build Order

MichyMoko Zerg 

Build Orders: Pool First 

Get SALT Encoding   

  12  0:01  Drone  
  13  0:12  Overlord  
  13  0:17  Drone  
  14  0:30  Drone x2  
  14  0:35  Drone  
  17  0:46  Spawning Pool  
  17  0:49  Drone  
  17  0:56  Drone, Extractor  
  17  1:21  Drone  
  17  1:23  Hatchery  
  17  1:34  Drone, Zergling x2  
  17  1:38  Queen  
  21  1:46  Overlord  
  21  1:54  Zergling x2  
  22  2:06  Zergling x2  
  22  2:08  Metabolic Boost  
  23  2:17  Overlord  
  23  2:30  Drone  
  23  2:35  Drone  
  25  2:41  Drone  
  26  2:48  Drone, Zergling x2, Extractor  
  27  2:53  Queen  
  27  2:55  Zergling x2  
  30  3:01  Zergling x4  
  30  3:02  Drone x2  
  34  3:10  Queen  
  36  3:17  Overlord  
  36  3:24  Overlord  
  36  3:36  Zergling x2  
  37  3:42  Zergling x2  
  37  3:43  Zergling x10  
  37  3:45  Drone  
  44  4:06  Roach Warren  
  44  4:09  Drone x6  
  49  4:20  Lair  
  48  4:35  Zergling x2  
  44  4:39  Zergling x14  
  51  4:52  Overlord x3  
  51  5:08  Overlord x2  
  51  5:18  Roach x7  
  47  5:52  Zergling x22  
  46  6:02  Zergling x2  
  43  6:08  Zergling x2  
  20  6:20  Roach x2  
  21  6:26  Roach x2  
  23  6:33  Roach  
  25  6:41  Drone  
  26  6:47  Roach x2  
  28  6:55  Roach  
  28  6:58  Queen  
  28  7:00  Roach  
  28  7:11  Queen  
  29  7:31  Drone  
  29  7:32  Drone x4  
  34  7:39  Drone  
  34  7:40  Drone  
  36  7:45  Drone  
  37  7:54  Drone x2  
  37  7:57  Drone  
  40  8:04  Drone  
  41  8:10  Drone x3  
  41  8:11  Drone  
  45  8:21  Ravager  
  45  8:22  Ravager  
  45  8:23  Ravager  
  45  8:25  Ravager  
  49  8:39  Roach x3  
  55  8:45  Zergling x4  
  55  8:46  Zergling x4  
  55  8:47  Roach  
  61  8:52  Queen  
  62  9:54  Roach x11  
  57  10:22  Roach  
  57  10:23  Roach x7  
  51  10:30  Roach  
  51  10:31  Roach  
  40  10:42  Zergling x6  
  29  10:56  Zergling x4  
Tags
 
Add a new tag
Caveats
  • Supply blocks, unpowered buildings, or Contaminate may cause inaccurate times.
  • Supply counts are checked every 10 seconds.